 Dungeon Crawl Stone Soup version 0.31-a0-516-gfcb59812bd (webtiles) character file.

Game seed: 10353833098805158965

2253 GordonOverkill the Basher (level 9, -7/47 HPs)
             Began as a Vine Stalker Delver on Aug 10, 2023.
             Mangled by Menkaure (14 damage)
             ... on level 7 of the Dungeon.
             The game lasted 00:12:59 (6260 turns).

GordonOverkill the Basher (Vine Stalker Delver)     Turns: 6260, Time: 00:13:00

Health: -7/47      AC:  5    Str: 18    XL:     9   Next: 37%
Magic:  0/10       EV: 12    Int: 10    God:
Gold:   260        SH:  0    Dex: 17    Spells: 8/8 levels left

rFire   . . .        i - +0 morningstar
rCold   . . .        (no shield)
rNeg    . . .        (no body armour)
rPois   .            u - +2 helmet
rElec   .            (no cloak)
rCorr   .            (no gloves)
SInv    .            s - +1 pair of boots
Will    ++...        (no amulet)
Stlth   +++          x - ring of willpower
HPRegen 1.07/turn    (no ring)
MPRegen 0.12/turn

%: guardian spirit
@: mighty, studying Short Blades
A: fangs 3, regeneration 1, magic shield, antimagic bite, no potion heal 2
a: no special abilities


You were on level 7 of the Dungeon.
You visited 1 branch of the dungeon, and saw 7 of its levels.
You also visited: Sewer.

You collected 374 gold pieces.
You spent 114 gold pieces at shops.

Inventory:

Hand Weapons
 i - a +0 morningstar (weapon)
Missiles
 h - 5 javelins (quivered)
Armour
 s - a +1 pair of boots (worn)
 u - a +2 helmet (worn)
Jewellery
 a - an amulet of reflection
 x - a ring of willpower (left hand)
Wands
 g - a wand of digging (3)
 j - a wand of flame (15)
Scrolls
 b - 2 scrolls of poison
 d - a scroll of blinking
 e - a scroll of fear
 f - a scroll of enchant armour {unknown}
 k - a scroll of immolation {unknown}
 l - a scroll of silence {unknown}
 n - a scroll of noise {unknown}
 p - a scroll of teleportation {unknown}
 v - a scroll of brand weapon {unknown}
 w - a scroll of revelation
Potions
 c - a potion of mutation {unknown}
 m - a potion of enlightenment
 o - 2 potions of cancellation
 q - 2 potions of might
 r - a potion of curing
 z - a potion of invisibility {unknown}
 A - a potion of brilliance {unknown}


   Skills:
 - Level 5.0 Fighting
 - Level 2.5(5.7) Axes
 + Level 8.1(8.4) Maces & Flails
 - Level 2.0 Throwing
 + Level 4.3 Armour
 - Level 1.5 Dodging
 - Level 6.0 Stealth
 - Level 2.0 Evocations


You had 8 spell levels left.
You didn't know any spells.
Your spell library contained the following spells:

 Spells                   Type           Power      Damage    Failure   Level
 Magic Dart               Conj           0%         1d3       36%         1
 Searing Ray              Conj           0%         2d4       50%         2
 Fulminant Prism          Conj/Hex       0%         3d5       98%         4


Dungeon Overview and Level Annotations

Branches:
Dungeon (7/15)              Sewer (visited)
 Temple: D:4-7

Altars:
Ashenzari
Elyvilon
Fedhas
Hepliaklqana
Kikubaaqudgha
Makhleb
Qazlal
Ru
Uskayaw
Vehumet
Zin
The Shining One

Shops:
D:3 (   D:4 (**   D:6 (

Annotations:
D:5 1 runed translucent door, Crazy Yiuf
D:7 Menkaure


Innate Abilities, Weirdness & Mutations

You have razor-sharp teeth.
Your natural rate of healing is unusually fast.
When hurt, damage is shared between your health and your magic reserves.
Your bite disrupts and absorbs the magic of your enemies.
Potions cannot restore your health.


Message History

Found 5 gold pieces.
The helpless orc wizard fails to defend itself.
You hit the orc wizard. Your bite misses the orc wizard.
The orc wizard is moderately wounded.
The orc wizard hits you but does no damage.
You barely miss the orc wizard.
The orc wizard is moderately wounded.
The orc priest hits you with a +0 club.
The orc wizard hits you but does no damage.
Menkaure casts a spell.
Menkaure seems to speed up.
You puncture the orc wizard!
You kill the orc wizard!
The orc priest mumbles some strange prayers to Beogh against you.
Beogh smites you!
You are too injured to fight recklessly!
You are too injured to fight recklessly!
You barely miss the orc priest. The orc priest closely misses you.
You sock the orc priest! Your bite misses the orc priest.
The orc priest is severely wounded.
Menkaure calls on the powers of darkness!
Your body is wracked with pain!
* * * LOW HITPOINT WARNING * * *
The orc priest convulses!
The orc priest hits you with a +0 club.
* * * LOW HITPOINT WARNING * * *
Menkaure calls on the powers of darkness!
Your body is wracked with pain!
* * * LOW HITPOINT WARNING * * *
You hit the orc priest.
You kill the orc priest!
Menkaure hits you.
* * * LOW HITPOINT WARNING * * *
Okay, then.
You feel very mighty all of a sudden. Menkaure closely misses you.
You barely miss Menkaure. Menkaure hits you.
* * * LOW HITPOINT WARNING * * *
You closely miss Menkaure. Your bite misses Menkaure.
Menkaure hits you but does no damage. Menkaure hits you!
You die...

## $# ## ### #.## .#
#.# ..###.# #### ##.#
#..#?.# #..###..#
#.....#
........######..M).#
####........#...@).##
# #...........).....#
##...##.............#
....###........###..#
...# #..##....## ..#
...##..####..## ..#
...#..# #..## .#
.....# ...## .# #..#


You could see Menkaure (fast).

Vanquished Creatures
  Prince Ribbit (D:5)
  Sigmund (D:6)
  Duvessa (D:4)
  A water moccasin (D:6)
  A black bear (D:6)
  An ice beast (D:6)
  2 sky beasts (D:6)
  3 phantoms
  3 bullfrogs
  A scorpion (D:4)
  Dowan (D:4)
  2 howler monkeys
  2 hounds
  3 orc priests
  7 iguanas
  3 orc wizards
  9 adders
  7 gnolls (D:3)
  A river rat (D:3)
  3 white imps (D:6)
  2 worms
  5 dart slugs
  10 orcs
  5 bats
  16 endoplasms
  11 giant cockroaches
  6 goblins
  5 hobgoblins
  4 jackals
  12 quokkas
  18 ball pythons
  14 frilled lizards
  8 kobolds
  5 rats
174 creatures vanquished.

Notes
Turn   | Place    | Note
-------+----------+-------------------------------------------
     0 | D:5      | GordonOverkill the Vine Stalker Delver began the quest for
                  | the Orb.
     0 | D:5      | Reached XP level 1. HP: 11/11 MP: 2/2
    34 | D:5      | Noticed an iguana
    35 | D:5      | Found a broken altar of Ashenzari.
    85 | D:5      | Reached XP level 2. HP: 6/16 MP: 1/3
   285 | D:6      | Noticed a sky beast
   308 | D:6      | Found Soon Xet's Weapon Shop.
   472 | D:6      | Noticed a sky beast
   522 | D:6      | Killed a sky beast
   523 | D:6      | Reached skill level 3 in Maces & Flails
   523 | D:6      | Reached XP level 3. HP: 3/19 MP: 0/4
   523 | D:6      | Gained mutation: Your natural rate of healing is unusually
                  | fast. [Vine Stalker growth]
   523 | D:6      | Reached XP level 4. HP: 4/23 MP: 0/5
   611 | D:5      | Reached XP level 5. HP: 27/27 MP: 3/6
   621 | D:5      | Reached skill level 4 in Maces & Flails
   763 | D:4      | Noticed a phantom
   822 | D:4      | Found an ancient bone altar of Kikubaaqudgha.
   895 | D:3      | Reached XP level 6. HP: 32/32 MP: 7/7
   895 | D:3      | Found a glowing silver altar of Zin.
   895 | D:3      | Found Zin's Purification Station.
   923 | D:3      | Found a glowing drain.
   961 | Sewer    | Entered a sewer
  1104 | Sewer    | Reached skill level 5 in Maces & Flails
  1301 | Sewer    | Reached skill level 6 in Maces & Flails
  1301 | Sewer    | Reached XP level 7. HP: 10/35 MP: 2/8
  1396 | D:3      | Found Usmugoal's Weapon Emporium.
  1492 | D:3      | Found a white marble altar of Elyvilon.
  1532 | D:3      | Found a faded altar of an unknown god.
  3070 | D:3      | Reached skill level 1 in Armour
  3151 | D:3      | Bought a potion of curing for 90 gold pieces
  3398 | D:3      | Identified the +4 short sword "Ogre's Nightmare" {drain,
                  | +Blink rElec SInv}
  3544 | D:4      | Found Paowy's General Store.
  3552 | D:4      | Bought a scroll of identify for 24 gold pieces
  3600 | D:4      | Found a hazy altar of Hepliaklqana.
  3600 | D:4      | Found a glowing golden altar of the Shining One.
  3606 | D:4      | Found a hide-covered altar of Uskayaw.
  3609 | D:4      | Found a burning altar of Makhleb.
  3611 | D:4      | Found a sacrificial altar of Ru.
  3711 | D:4      | Found Myepneah's Antique Weapon Boutique.
  3836 | D:4      | Found Huewok's General Store.
  4068 | D:4      | Identified the +3 leather armour "Umuime Hyg" {Will+ Str+2}
  4340 | D:4      | Found a radiant altar of Vehumet.
  4340 | D:4      | Noticed Duvessa
  4340 | D:4      | Noticed Dowan
  4461 | D:4      | Killed Duvessa
  4462 | D:4      | Gained mutation: You have razor-sharp teeth. [Vine Stalker
                  | growth]
  4462 | D:4      | Reached XP level 8. HP: 30/40 MP: 7/9
  4478 | D:4      | Killed Dowan
  4506 | D:4      | Reached skill level 7 in Maces & Flails
  4684 | D:5      | Found a runed translucent door.
  4685 | D:5      | Noticed Crazy Yiuf
  5104 | D:5      | Noticed Prince Ribbit
  5115 | D:5      | Killed Prince Ribbit
  5276 | D:6      | Found a stormy altar of Qazlal.
  5463 | D:6      | Noticed Sigmund
  5469 | D:6      | Killed Sigmund
  5470 | D:6      | Reached skill level 1 in Throwing
  5470 | D:6      | Reached skill level 1 in Evocations
  5655 | D:6      | Reached XP level 9. HP: 46/46 MP: 10/10
  5699 | D:6      | Reached skill level 5 in Fighting
  5741 | D:6      | Found a blossoming altar of Fedhas.
  6086 | D:6      | Reached skill level 8 in Maces & Flails
  6248 | D:7      | Noticed Menkaure
  6260 | D:7      | Mangled by Menkaure

Illustrated notes

Levels and vault maps discovered:
D:1:      doesnt_arrival_eight_statues, layout_basic
D:2:      layout_rooms
D:3:      layout_loops_ring, zin_purify, nicolae_overflow_crystal_walls,
          portal_sewer_entry_a, shapermc_ecumenical_altar_mp_ritualfount,
          serial_shops, nicolae_shop_tiny_glass, dreamdust_princess_corridor
D:4:      layout_loops_corners, nicolae_overflow_hallway_of_the_gods,
          mainiacjoe_overflow_alcove_4, serial_shops,
          nicolae_shop_tiny_statue_garden, nicolae_diamond_shop,
          kennysheep_little_box, chequers_serial_rivers_micro_c, uniq_duvessa
D:5:      layout_loops_ring, overflow_temple_1_default, uniq_prince_ribbit1,
          uniq_crazy_yiuf_cottage
D:6:      layout_cave_pods, nicolae_qazlal_scattered_showers,
          general_overflow_altar, serial_shops, nicolae_shop_real_fake_doors,
          minmay_manual_mullet, uniq_sigmund
D:7:      layout_layer_cave, minmay_temple_entry_statues_pillars, uniq_pikel,
          uniq_menkaure

Skill      XL: |  1  2  3  4  5  6  7  8  9 |
---------------+----------------------------+-----
Axes           | 2 |  2.5
Maces & Flails | 3 4 6 7 8 |  8.1
Fighting       | 3 4 5 |  5.0
Armour         | 1 3 4 |  4.3
Throwing       | 1 2 |  2.0
Evocations     | 1 2 |  2.0
Dodging        | |  1.5
Stealth        | |  6.0

Action                     |  1- 3 |  4- 6 |  7- 9 || total
---------------------------+-------+-------+-------++-------
  Melee: Hand axe          |     7 |       |       ||     7
         Bite              |     7 |    36 |    75 ||   118
         Punch             |     1 |     3 |     4 ||     8
         Morningstar       |    13 |   184 |   302 ||   499
  Throw: Javelin           |       |       |     3 ||     3
  Evoke: Wand              |     1 |     2 |    14 ||    17
    Use: Potion            |     1 |     1 |     3 ||     5
         Scroll            |       |     1 |     6 ||     7
   Stab: Sleeping          |       |     5 |    18 ||    23
         Distracted        |       |     1 |       ||     1
 Armour: Leather armour    |     8 |    48 |     4 ||    60
         Plate armour      |       |       |    64 ||    64
         Skin              |       |       |    52 ||    52
  Dodge: Dodged            |    11 |   141 |   140 ||   292

Table legend: (Time is in decaauts)
 A = Elapsed time spent in this place.
 B = Non-inter-level travel time spent in this place.
 C = Inter-level travel time spent in this place.
 D = Time resting spent in this place.
 E = Time spent auto-exploring this place.
 F = Levels seen in this place.
 G = Mean time per level.
                   A        B        C        D        E       F      G
               +--------+--------+--------+--------+--------+-----+--------+
         Total |   6407 |   6186 |    221 |    681 |   3491 |   8 |  800.9 |
       Dungeon |   5895 |   5674 |    221 |    633 |   3415 |   7 |  842.1 |
         Sewer |    512 |    512 |      0 |     47 |     76 |   1 |  512.0 |
               +--------+--------+--------+--------+--------+-----+--------+

Top non-repeatable levels by time:
     D:5: 1263 daAuts
     D:6: 1233 daAuts
     D:4: 1148 daAuts
     D:3: 898 daAuts
     D:1: 756 daAuts
     D:2: 558 daAuts
   Sewer: 512 daAuts
     D:7: 37 daAuts
